 Dungeon Crawl Stone Soup version 0.24-a0-108-g011bc4b (console) character file.

Game seed: 13735348738540720604

98 Voker57 the Slasher (level 4, 0/34 HPs)
             Began as a Demonspawn Gladiator on Feb 12, 2019.
             Slain by Grinder (4 damage)
             ... on level 3 of the Dungeon on Feb 14, 2019.
             The game lasted 00:03:14 (1881 turns).

Voker57 the Slasher (Demonspawn Gladiator)          Turns: 1881, Time: 00:03:15

Health: 0/34       AC:  4    Str: 14    XL:     4   Next: 44%
Magic:  4/4        EV: 13    Int:  9    God:
Gold:   93         SH:  0    Dex: 16    Spells: 3/3 levels left

rFire    . . .     SeeInvis .   a - +0 long sword
rCold    + . .     Gourm    .   (no shield)
rNeg     . . .     Faith    .   b - +0 leather armour
rPois    .         Spirit   .   c - +0 helmet
rElec    .         Reflect  .   (no cloak)
rCorr    .         Harm     .   (no gloves)
MR       .....                  (no boots)
Stlth    +.........             (no amulet)
HPRegen  0.11/turn              (no ring)
MPRegen  0.09/turn              (no ring)

@: no status effects
A: cold resistance 1
a: no special abilities


You were on level 3 of the Dungeon.
You were not hungry.

You visited 1 branch of the dungeon, and saw 3 of its levels.

You collected 93 gold pieces.

Inventory:

Hand Weapons
 a - a +0 long sword (weapon)
Armour
 b - a +0 leather armour (worn)
 c - a +0 helmet (worn)
Jewellery
 i - a +3 ring of protection {unknown}
Scrolls
 e - 4 scrolls of identify {unknown}
 h - a scroll of blinking {unknown}
 k - a scroll of teleportation {unknown}
 m - a scroll of amnesia {unknown}
 n - a scroll of enchant armour {unknown}
 o - 2 scrolls of magic mapping {unknown}
Potions
 g - a potion of invisibility {unknown}
 j - a potion of heal wounds {unknown}
 l - a potion of lignification {unknown}
Comestibles
 f - 4 rations


   Skills:
 + Level 2.5 Fighting
 + Level 3.7 Long Blades
 + Level 1.9 Throwing
 + Level 1.2 Armour
 + Level 3.1 Dodging
 + Level 0.6 Stealth


You had 3 spell levels left.
You didn't know any spells.
Your spell library was empty.

Dungeon Overview and Level Annotations

Branches:
Dungeon (3/15)

Altars:

Annotations:
D:3 Grinder


Innate Abilities, Weirdness & Mutations

Your flesh is cold resistant. (rC+)


Message History

There is a stone staircase leading up here.
Grinder barely misses you.
You riposte.
You closely miss Grinder.
Grinder is lightly wounded.
Throwing (i - inventory)
d - a throwing net (quivered)
Press: ? - help, Shift-Dir - straight line, f/p - Grinder
Aim: Grinder (lightly wounded)
You throw a throwing net. The throwing net hits Grinder.
Grinder is caught in the net!
Grinder is lightly wounded.
Grinder blinks!
Grinder gestures at you. Pain shoots through your body!
You hit Grinder.
Grinder is lightly wounded.
Grinder hits you!
You writhe in agony.
You slash Grinder!
Grinder is heavily wounded.
Grinder hits you!
* * * LOW HITPOINT WARNING * * *
You writhe in agony.
You die...

.........
..........## +# .
...........# .# ..
...........###.# ...
...............#....
....................
....................
.........<...(......
......(..@5.........
............##...$##
#######...........#
#.....###.....
#.....# ...##
#.....# ..# #..?..#
### #.....#


You could see Grinder.

Vanquished Creatures
  4 gnolls (D:2)
  2 adders (D:2)
  2 dart slugs (D:2)
  A leopard gecko (D:2)
  A ball python (D:1)
  2 giant cockroaches (D:2)
  2 hobgoblins (D:2)
  5 bats
  3 frilled lizards
  7 goblins
  5 kobolds
  7 rats
41 creatures vanquished.

Notes
Turn   | Place    | Note
-------+----------+-------------------------------------------
     0 | D:1      | Voker57 the Demonspawn Gladiator began the quest for the
                  | Orb.
     0 | D:1      | Reached XP level 1. HP: 16/16 MP: 1/1
    40 | D:1      | Upgraded the game from 0.24-a0-102-g7635c99 to
                  | 0.24-a0-108-g011bc4b
   172 | D:1      | Gained mutation: Your flesh is cold resistant. (rC+)
                  | [demonic ancestry]
   172 | D:1      | Reached XP level 2. HP: 22/22 MP: 2/2
   668 | D:2      | Reached XP level 3. HP: 22/27 MP: 3/3
  1013 | D:2      | Reached skill level 1 in Armour
  1020 | D:2      | Reached XP level 4. HP: 16/34 MP: 4/4
  1859 | D:3      | Noticed Grinder
  1864 | D:3      | Paralysed by Grinder for 4 turns
  1881 | D:3      | Slain by Grinder

Levels and vault maps discovered:
D:1:      saegor_arrival_under_anarchy, layout_basic
D:2:      wad_lake_hut, layout_basic, minmay_fountain_box,
          minmay_misc_feat_rugged, grunt_ministairs_15
D:3:      layout_basic, dancing_weapons_uskayaw,
          chequers_ecumenical_altar_island, uniq_grinder

Skill      XL: |  1  2  3 |
---------------+----------+-----
Long Blades    | 3 |  3.7
Dodging        | 3 |  3.1
Armour         | 1 |  1.2
Fighting       | |  2.5
Throwing       | |  1.9
Stealth        | |  0.6

Action                   |  1- 3 |  4- 6 || total
-------------------------+-------+-------++-------
Melee: Long sword        |    81 |    20 ||   101
Throw: Throwing net      |       |     3 ||     3
 Stab: Sleeping          |     1 |     1 ||     2
       Held in net/web   |       |     1 ||     1
  Eat: Ration            |       |     1 ||     1
       Chunk             |       |     1 ||     1
Armor: Leather armour    |    26 |     2 ||    28
Dodge: Dodged            |    66 |    20 ||    86
       Rpst.: Long sword |    21 |     8 ||    29

Table legend:
 A = Non-vault XP
 B = Vault XP
 C = Vault XP percentage of total XP
 D = Non-vault monster count
 E = Vault monster count
 F = Vault count percentage of total count
                 A         B        C        D         E       F
            +---------+---------+-------+---------+---------+-------
      Total |     138 |       3 |   2.1 |      39 |       2 |   4.9
            +---------+---------+-------+---------+---------+-------
        D:1 |      22 |       0 |   0.0 |      16 |       0 |   0.0
        D:2 |     116 |       3 |   2.5 |      23 |       2 |   8.0
            +---------+---------+-------+---------+---------+-------
